 Dungeon Crawl Stone Soup version 0.28.0-45-g0d030f2227 (webtiles) character file.

Game seed: 17403117924998070292

6076 DoubleLucky the Destroyer (level 10, -1/90 HPs)
             Began as a Red Draconian Conjurer on Apr 8, 2022.
             Was a Believer of Vehumet.
             Slain by a centaur warrior
             ... wielding a +0 rapier
              (10 damage)
             ... on level 8 of the Dungeon.
             The game lasted 00:37:53 (10687 turns).

DoubleLucky the Destroyer (Red Draconian Conjurer) Turns: 10687, Time: 00:37:54

Health: -1/90      AC: 11    Str: 10    XL:     10   Next: 57%
Magic:  10/21      EV: 14    Int: 22    God:    Vehumet [**....]
Gold:   354        SH:  0    Dex: 10    Spells: 17/24 levels left

rFire   + . .      SeeInvis +   r - +1 short sword (elec)
rCold   . . .      Faith    .   (no shield)
rNeg    . . .      Spirit   .   (armour unavailable)
rPois   .          Reflect  .   E - +2 hat
rElec   .          Harm     .   w - +0 cloak
rCorr   .          Rampage  .   l - +0 pair of gloves
Will    +....                   (no boots)
Stlth   ++........              (no amulet)
HPRegen 0.25/turn               j - ring of see invisible
MPRegen 0.17/turn               p - ring of willpower

@: hasted, very quick
A: breathe fire, AC +7, unfitting armour, fire resistance 1, cold-blooded
a: Breathe Fire, Renounce Religion


You were on level 8 of the Dungeon.
You worshipped Vehumet.
Vehumet was pleased with you.
You visited 2 branches of the dungeon, and saw 9 of its levels.

You collected 354 gold pieces.

Inventory:

Hand Weapons
 c - a +1 dagger
 m - a +1 vorpal spear
 r - a +1 short sword of electrocution (weapon)
Missiles
 A - a curare-tipped dart
 D - 2 throwing nets
Armour
 l - a +0 pair of gloves (worn)
 w - a +0 cloak (worn)
 E - a +2 hat (worn)
Jewellery
 j - a ring of see invisible (left hand)
 n - a ring of protection from fire
 p - a ring of willpower (right hand)
 u - a +6 ring of intelligence
 z - an amulet of guardian spirit
Wands
 g - a wand of iceblast (6)
 s - a wand of polymorph (17)
 y - a wand of acid (11)
Scrolls
 b - 3 scrolls of enchant weapon
 h - 2 scrolls of amnesia
 o - a scroll of enchant armour {unknown}
 t - a scroll of immolation {unknown}
 v - a scroll of fog {unknown}
 x - a scroll of noise {unknown}
 B - a scroll of fear {unknown}
Potions
 a - a potion of mutation {unknown}
 d - 3 potions of cancellation
 f - a potion of ambrosia {unknown}
 i - a potion of haste
 k - a potion of flight {unknown}
 q - a potion of might
 C - a potion of berserk rage {unknown}


   Skills:
 + Level 8.6 Fighting
 - Level 3.1 Short Blades
 + Level 7.2 Dodging
 - Level 1.7 Stealth
 + Level 7.5 Spellcasting
 + Level 9.0 Conjurations


You had 17 spell levels left.
You knew the following spells:

 Your Spells              Type           Power      Damage    Failure   Level
a - Magic Dart            Conj           100%       1d8       1%          1
b - Searing Ray           Conj           94%        2d7       1%          2
c - Fulminant Prism       Conj/Hex       14%        3d9       12%         4

Your spell library contained the following spells:

 Spells                   Type           Power      Damage    Failure   Level
 Static Discharge         Conj/Air       28%        N/A       1%          2
 Dazzling Flash           Conj/Hex       56%        N/A       3%          3
 Mephitic Cloud           Conj/Pois/Air  21%        N/A       7%          3
 Corpse Rot               Necr/Air       16%        N/A       12%         2
 Poisonous Vapours        Pois/Air       16%        N/A       12%         2
 Scorch                   Fire           16%        2d5       12%         2
 Flame Wave               Conj/Fire      28%        2d8       12%         4
 Iskenderun's Mystic Bla  Conj/Tloc      28%        2d7       12%         4
 Ignite Poison            Fire/Tmut/Pois 8%         N/A       24%         3
 Freezing Cloud           Conj/Ice/Air   10%        6-21      54%         5
 Summon Cactus Giant      Summ           4%         N/A       100%        6


Dungeon Overview and Level Annotations

Branches:
Dungeon (8/15)             Temple (1/1) D:4
   Lair: D:8-11

Altars:
Ashenzari
Cheibriados
Dithmenos
Elyvilon
Fedhas
Gozag
Hepliaklqana
Kikubaaqudgha
Makhleb
Nemelex Xobeh
Okawaru
Qazlal
Ru
Sif Muna
Trog
Uskayaw
Vehumet
Wu Jian
Xom
Yredelemnul
Zin
The Shining One

Shops:
D:2 (

Annotations:
D:4 exclusion: downstairs
D:5 exclusion: downstairs
D:7 exclusion: manticore


Innate Abilities, Weirdness & Mutations

You can breathe blasts of fire.
Your fiery red scales are hard. (AC +7)
You cannot fit into any form of body armour.
Your flesh is heat resistant. (rF+)
You are cold-blooded and may be slowed by cold attacks.


Message History

Aim: a centaur warrior, wielding a +0 rapier and quivering arrows (severely wounded, 87% to hit)
The searing ray hits the centaur warrior.
The centaur warrior is severely wounded.
The searing ray hits the centaur!
The centaur is severely wounded. (Press . to maintain the ray.)
The centaur warrior hits you with a +0 rapier.
* * * LOW HITPOINT WARNING * * *
The centaur warrior kicks you but does no damage.
The searing ray hits the centaur warrior.
The centaur warrior is almost dead.
The searing ray hits the centaur.
The centaur is almost dead.
The centaur warrior hits you with a +0 rapier!
* * * LOW HITPOINT WARNING * * *
The centaur warrior kicks you but does no damage.
The searing ray misses the centaur warrior.
The searing ray hits the centaur!
You kill the centaur!
Vehumet accepts your kill.
You feel your power returning.
You have got your breath back.
The centaur warrior closely misses you. x2
Your Conjurations skill increases to level 9!
The searing ray hits the centaur warrior.
The centaur warrior is almost dead.
You finish channelling your searing ray.
The centaur warrior hits you with a +0 rapier.
* * * LOW HITPOINT WARNING * * *
The centaur warrior closely misses you.
Casting: Searing Ray (safe; 1% risk of failure)
Confirm with . or Enter, or press ? or * to list all spells.
Aiming: Searing Ray (safe; 1% risk of failure)
Press: ? - help, Shift-Dir - straight line, f/p - centaur warrior
Aim: a centaur warrior, wielding a +0 rapier and quivering arrows (almost dead, 87% to hit)
The searing ray hits the centaur warrior.
The centaur warrior is almost dead. (Press . to maintain the ray.)
The centaur warrior hits you with a +0 rapier!
You die...

........###.####.### ##'#
#######.# #.# #...# ####).#
(.....#.# #.# #.#.# ###..).##
......#.# #.####.#.#...##......#
......#.# #......#.#...#....#..#
..#####.######.....#..##.c.##..#
...................#..#..c###....
..#####.######.###.#..#...# #....
..........))).)c@..#.##..########
.##.#...######.#####.#..........
.............#..)).#.)รท.........
.##...##..#..#####c#.###########
.............#####...#
#......#####.....#.###
#..#####...#####.#.#
#..'....._.....'.#.#
#..#####...#####.#.#


You could see a centaur warrior.

Vanquished Creatures
  A two-headed ogre (D:8)
  Grinder (D:5)
  11 yaks
  2 wyverns (D:8)
  Menkaure (D:7)
  4 water moccasins
  2 ice beasts
  A sky beast (D:7)
  2 orc warriors (D:8)
  A black bear (D:6)
  4 ogres
  5 centaurs
  Blork the orc (D:6)
  A kobold brigand (D:7)
  2 gnoll sergeants
  2 bullfrogs
  2 wyvern zombies
  2 scorpions
  4 killer bees (D:7)
  2 centaur zombies
  2 hounds (D:4)
  A jelly (D:4)
  A centaur skeleton (D:6)
  A gnoll shaman (D:6)
  2 orc wizards (D:7)
  Terence (D:3)
  5 iguanas
  3 killer bee zombies
  A mummy (D:4)
  17 gnolls
  5 adders
  A white imp (D:7)
  An ufetubus (D:4)
  An adder skeleton (D:4)
  4 worms
  2 dart slugs (D:3)
  8 orcs
  A bat (D:2)
  8 endoplasms
  4 giant cockroaches
  5 goblins
  7 hobgoblins
  A jackal (D:3)
  6 kobolds
  3 quokkas
  6 ball pythons
  3 frilled lizards
  2 goblin zombies (D:4)
  10 rats
163 creatures vanquished.

Vanquished Creatures (others)
  A fulminant prism (D:8)
  2 plants (D:4)
3 creatures vanquished.

Grand Total: 166 creatures vanquished

Notes
Turn   | Place    | Note
-------+----------+-------------------------------------------
     0 | D:1      | DoubleLucky the Draconian Conjurer began the quest for the
                  | Orb.
     0 | D:1      | Reached XP level 1. HP: 14/14 MP: 3/3
   538 | D:1      | Reached skill level 1 in Fighting
   538 | D:1      | Reached XP level 2. HP: 23/23 MP: 3/5
   610 | D:1      | Learned a level 2 spell: Searing Ray
  1055 | D:2      | Reached XP level 3. HP: 17/29 MP: 0/6
  2083 | D:2      | Found Leuwiergh's Weapon Shoppe.
  2364 | D:3      | Reached XP level 4. HP: 34/36 MP: 4/8
  2589 | D:3      | Found a faded altar of an unknown god.
  3256 | D:3      | Noticed Terence
  3261 | D:3      | Killed Terence
  3438 | D:4      | Noticed an ogre
  3440 | D:4      | Reached XP level 5. HP: 42/42 MP: 4/9
  3585 | D:4      | Found a staircase to the Ecumenical Temple.
  3597 | Temple   | Entered the Ecumenical Temple
  3670 | Temple   | Became a worshipper of Vehumet
  3936 | D:4      | Noticed an ogre
  4098 | D:4      | Reached skill level 5 in Conjurations
  4326 | D:4      | Found an iron altar of Okawaru.
  4510 | D:4      | Reached XP level 6. HP: 47/51 MP: 7/11
  4676 | D:4      | Reached skill level 1 in Short Blades
  4912 | D:5      | Entered Level 5 of the Dungeon
  4912 | D:5      | Noticed Grinder
  5046 | D:5      | Found a basalt altar of Yredelemnul.
  5059 | D:5      | Your scales start taking on a fiery red colour.
  5059 | D:5      | Reached XP level 7. HP: 25/58 MP: 1/12
  5059 | D:5      | Gained mutation: Your flesh is heat resistant. (rF+) [Red
                  | Draconian growth]
  5329 | D:5      | Reached * piety under Vehumet
  5329 | D:5      | Offered knowledge of Sandblast by Vehumet.
  5461 | D:5      | Found a burning altar of Makhleb.
  6014 | D:5      | Found a faded altar of an unknown god.
  6014 | D:5      | Found a glowing silver altar of Zin.
  6022 | D:5      | Found a snail-covered altar of Cheibriados.
  6024 | D:5      | Found a faded altar of an unknown god.
  6026 | D:5      | Found a broken altar of Ashenzari.
  6139 | D:5      | Killed Grinder
  6140 | D:5      | Reached skill level 6 in Conjurations
  6140 | D:5      | Reached XP level 8. HP: 67/67 MP: 4/14
  6398 | D:6      | Learned a level 4 spell: Fulminant Prism
  6419 | D:6      | Reached skill level 5 in Fighting
  6536 | D:6      | Reached skill level 5 in Spellcasting
  6786 | D:6      | Noticed Blork the orc
  6790 | D:6      | Killed Blork the orc
  7021 | D:6      | Reached skill level 5 in Dodging
  7168 | D:6      | Reached skill level 7 in Conjurations
  7239 | D:6      | Reached XP level 9. HP: 56/75 MP: 7/17
  7399 | D:6      | Found a white marble altar of Elyvilon.
  8653 | D:7      | Reached ** piety under Vehumet
  8678 | D:7      | Offered knowledge of Foxfire by Vehumet.
  8878 | D:7      | Found a shimmering altar of Xom.
  8878 | D:7      | Noticed Menkaure
  8882 | D:7      | Killed Menkaure
  8975 | D:7      | Reached skill level 8 in Conjurations
  9015 | D:7      | Noticed a manticore
  9433 | D:8      | Noticed a two-headed ogre
  9455 | D:8      | Killed a two-headed ogre
  9456 | D:8      | Reached XP level 10. HP: 61/88 MP: 10/20
  9795 | D:8      | Found a stormy altar of Qazlal.
 10443 | D:8      | Offered knowledge of Static Discharge by Vehumet.
 10658 | D:8      | Noticed a centaur warrior
 10686 | D:8      | Reached skill level 9 in Conjurations
 10687 | D:8      | Slain by a centaur warrior

Illustrated notes

Levels and vault maps discovered:
D:1:      dpeg_arrival_brainrot, layout_rooms, minmay_liquid_box
D:2:      layout_loops_ring, serial_shops, nicolae_shop_bloodbath_and_beyond
D:3:      minmay_thinvault, layout_loops_ring,
          shapermc_ecumenical_altar_starsandcircs, uniq_terence
D:4:      layout_cave_pools, okawaru_trees_2, minmay_temple_entry_overgrown,
          nicolae_ossuary_entry_giza
D:5:      layout_basic, lightli_temple_of_fire, amcnicky_altar_gilded,
          chequers_temple_overflow_minitemple, feat_on_display, uniq_grinder
D:6:      layout_rooms, kennysheep_little_box, kennysheep_windowed_goal,
          uniq_blork_the_orc
D:7:      minmay_chambers_of_fours, layout_basic, lemuel_tele_altar,
          kennysheep_small_square, uniq_menkaure
D:8:      minmay_quarter_circles, layout_basic,
          mainiacjoe_overflow_surrounded_room, minmay_tree_intersection
Temple:   oiseaux_autumnal_temple

Skill      XL: |  1  2  3  4  5  6  7  8  9 10 |
---------------+-------------------------------+-----
Fighting       | 1 2 3 4 6 7 8 |  8.6
Dodging        | 2 3 5 6 7 |  7.2
Spellcasting   | 3 4 5 6 7 |  7.5
Conjurations   | 5 6 7 8 9 |  9.0
Short Blades   | 1 3 |  3.1
Stealth        | |  1.7

Action                   |  1- 3 |  4- 6 |  7- 9 | 10-12 || total
-------------------------+-------+-------+-------+-------++-------
Melee: Dagger            |    18 |    63 |       |       ||    81
       Tailslap          |     4 |    12 |    14 |     5 ||    35
       Short sword       |       |    25 |    64 |    37 ||   126
       Punch             |       |     1 |     1 |       ||     2
 Cast: Magic Dart        |    58 |    61 |    86 |    16 ||   221
       Searing Ray       |     5 |    16 |    46 |    18 ||    85
       Fulminant Prism   |       |       |       |     1 ||     1
 Abil: Breathe Fire      |       |       |     9 |     4 ||    13
  Use: Scroll            |     1 |       |     4 |       ||     5
       Potion            |       |       |       |     4 ||     4
 Stab: Sleeping          |     2 |     5 |     1 |       ||     8
Armor: Skin              |     2 |    31 |    44 |    24 ||   101
Dodge: Dodged            |     9 |    56 |   106 |    49 ||   220
